 Dungeon Crawl Stone Soup version 0.29.1-15-g9cfb28693d (webtiles) character file.

Game seed: 5583003466104908801

18 sircluck the Trooper (level 2, -1/28 HPs)
             Began as a Minotaur Abyssal Knight on Apr 7, 2023.
             Was a Believer of Lugonu.
             Slain by a dart slug (2 damage)
             ... on level 2 of the Dungeon on Apr 10, 2023.
             The game lasted 00:02:52 (993 turns).

sircluck the Trooper (Minotaur Abyssal Knight)       Turns: 993, Time: 00:02:52

Health: -1/28      AC:  3    Str: 17    XL:     2   Next: 51%
Magic:  2/2        EV: 11    Int:  7    God:    Lugonu [**....]
Gold:   43         SH:  0    Dex: 10    Spells: 1/1 levels left

rFire   . . .      SeeInvis .   a - +1 mace
rCold   . . .      Faith    .   (no shield)
rNeg    . . .      Spirit   .   b - +0 leather armour
rPois   .          Reflect  .   (helmet restricted)
rElec   .          Harm     .   (no cloak)
rCorr   .          Rampage  .   (no gloves)
Will    .....                   (no boots)
Stlth   +.........              (no amulet)
HPRegen 0.09/turn               (no ring)
MPRegen 0.08/turn               (no ring)

@: no status effects
A: horns 2, retaliatory headbutt
a: Renounce Religion, Depart the Abyss, Bend Space


You were on level 2 of the Dungeon.
You worshipped Lugonu.
Lugonu was pleased with you.
You visited 1 branch of the dungeon, and saw 2 of its levels.
You visited the Abyss 1 time.

You collected 43 gold pieces.

Inventory:

Hand Weapons
 a - a +1 mace (weapon)
Missiles
 e - 17 stones (quivered)
Armour
 b - a +0 leather armour (worn)
Scrolls
 c - a scroll of magic mapping {unknown}
 d - a scroll of immolation {unknown}
 f - a scroll of identify {unknown}
 g - a scroll of amnesia {unknown}
 h - a scroll of enchant weapon {unknown}


   Skills:
 + Level 4.5 Fighting
 + Level 2.4 Maces & Flails
 + Level 2.6 Armour
 + Level 1.1 Dodging
 + Level 1.9 Invocations


You had one spell level left.
You didn't know any spells.
Your spell library was empty.

Dungeon Overview and Level Annotations

Branches:
Dungeon (2/15)

Altars:


Innate Abilities, Weirdness & Mutations

You have a pair of horns on your head.
You reflexively headbutt those who attack you in melee.


Message History

You don't know any spells.
You don't know any spells.
You don't know any spells.
You don't know any spells.
You don't know any spells.
Your library has no spells.
Your library has no spells.
Your library has no spells.
Done exploring.
Done exploring.
Done exploring.
There is a fountain of clear blue water here.
There is an escape hatch in the floor here.
You slide downwards.
The hatch slams shut behind you.
The hobgoblin shouts!
Found a leather armour, a rapier and a scale mail.
The dart slug launches a dart at you. The slug dart hits you.
The hobgoblin closely misses you. The hobgoblin closely misses you.
You furiously retaliate!
You headbutt the hobgoblin. The dart slug launches a dart at you.
The slug dart hits you. The hobgoblin closely misses you.
The worm barely misses you.
The hobgoblin hits you but does no damage.
The hobgoblin hits you. The worm bites you! The hobgoblin hits you.
The hobgoblin barely misses you. The worm bites you.
* * * LOW HITPOINT WARNING * * *
The dart slug misses you. The hobgoblin hits you.
* * * LOW HITPOINT WARNING * * *
The dart slug launches a dart at you. The slug dart misses you.
The worm completely misses you.
The hobgoblin hits you but does no damage.
The dart slug launches a dart at you. The slug dart misses you.
The hobgoblin barely misses you. The worm closely misses you.
The hobgoblin misses you. The dart slug bites you.
You die...

######+##
#....w@.#
#....wg.#
#.......#
#.......+
+[......#
#.).....#
#.......#
#.....[.#


You could see a worm, a dart slug and a hobgoblin.

Vanquished Creatures
  2 bats (D:1)
  An endoplasm (D:1)
  2 giant cockroaches (D:1)
  3 hobgoblins (D:1)
  3 ball pythons (D:1)
  3 goblins (D:1)
  2 kobolds (D:1)
16 creatures vanquished.

Vanquished Creatures (others)
  A fungus (D:1)
1 creature vanquished.

Grand Total: 17 creatures vanquished

Notes
Turn   | Place    | Note
-------+----------+-------------------------------------------
     0 | Abyss:1  | sircluck the Minotaur Abyssal Knight began the quest for
                  | the Orb.
     0 | Abyss:1  | Reached XP level 1. HP: 19/19 MP: 1/1
     1 | D:1      | Escaped the Abyss
   174 | D:1      | Reached skill level 4 in Fighting
   435 | D:1      | Reached XP level 2. HP: 17/27 MP: 2/2
   637 | D:1      | Found a faded altar of an unknown god.
   989 | D:2      | HP: 1/28 [hobgoblin (4)]
   993 | D:2      | Slain by a dart slug

Illustrated notes

Levels and vault maps discovered:
D:1:      dpeg_arrival_three_bigger_balls, layout_rooms,
          shapermc_ecumenical_altar_ellora
D:2:      layout_basic, serial_shops, shop

Skill      XL: |  1 |
---------------+----+-----
Fighting       | 4 |  4.5
Maces & Flails | |  2.4
Armour         | |  2.6
Dodging        | |  1.1
Invocations    | |  1.9

Action                   || total
-------------------------++-------
Melee: Mace              ||    34
       Headbutt          ||     2
       Punch             ||     1
Throw: Stone             ||     1
Armor: Leather armour    ||    21
Dodge: Dodged            ||    42
